 Dungeon Crawl Stone Soup version 0.29-a0-598-gd8304a5bf4 (webtiles) character file.

Game seed: 13054604408943836754

4991 vineage the Fighter (level 10, -2/78 HPs)
             Began as a Gargoyle Fighter on June 15, 2022.
             Was a Priest of Okawaru.
             Slain by a wight
             ... wielding a +4 mace
              (7 damage)
             ... on level 8 of the Dungeon.
             The game lasted 00:09:58 (9801 turns).

vineage the Fighter (Gargoyle Fighter)              Turns: 9801, Time: 00:09:58

Health: -2/78      AC: 16    Str: 21    XL:     10   Next: 54%
Magic:  10/12      EV: 11    Int:  8    God:    Okawaru [***...]
Gold:   1168       SH:  7    Dex: 11    Spells: 9/9 levels left

rFire   + . .      SeeInvis .   o - +3 rapier of Orouklis {drain, rC+}
rCold   + . .      Faith    .   c - +0 buckler
rNeg    + . .      Spirit   .   b - +0 scale mail
rPois   ∞          Reflect  .   (no helmet)
rElec   +          Harm     .   (no cloak)
rCorr   .          Rampage  .   (no gloves)
Will    +....                   (no boots)
Stlth   +.........              (no amulet)
HPRegen 0.23/turn               p - ring of flight
MPRegen 0.13/turn               (no ring)

@: heroic, flying
A: sickness immunity, AC +7, negative energy resistance 1, electricity
resistance, torment resistance 1, petrification resistance, dopey 1, fire
resistance 1, strong-willed 1, robust 1
a: Renounce Religion, Heroism


You were on level 8 of the Dungeon.
You worshipped Okawaru.
Okawaru was most pleased with you.
You visited 2 branches of the dungeon, and saw 9 of its levels.

You collected 1621 gold pieces.
You spent 453 gold pieces at shops.

Inventory:

Hand Weapons
 o - the +3 rapier of Orouklis (weapon) {drain, rC+}
   (You bought it in a shop on level 1 of the Dungeon)

   A truly terrible weapon, it drains the life of any living foe it strikes.
   rC:        It protects you from cold.
Missiles
 u - a throwing net (quivered)
Armour
 b - a +0 scale mail (worn)
 c - a +0 buckler (worn)
Jewellery
 d - a ring of magical power
 i - a +4 ring of evasion
 p - a ring of flight (left hand)
 q - a ring of positive energy
 t - an amulet of magic regeneration
Wands
 s - a wand of digging (5)
 w - a wand of flame (8)
 x - a wand of paralysis (18)
Scrolls
 a - a scroll of identify
 e - a scroll of enchant weapon
 g - a scroll of fear {unknown}
 j - a scroll of immolation
 k - 2 scrolls of poison
 r - a scroll of blinking
 y - 3 scrolls of teleportation
 A - a scroll of amnesia
Potions
 f - a potion of heal wounds
 h - a potion of cancellation
 l - a potion of curing
 m - a potion of haste
 n - a potion of brilliance
 v - a potion of attraction {unknown}
 z - 3 potions of might


   Skills:
 * Level 12.0(17.0) Fighting
 - Level 2.3(7.3) Maces & Flails
 + Level 8.8(13.8) Armour
 + Level 8.8(13.8) Shields
 + Level 3.0 Invocations


You had 9 spell levels left.
You didn't know any spells.
Your spell library contained the following spells:

 Spells                   Type           Power      Damage    Failure   Level
 Foxfire                  Conj/Fire      0%         2x1d4     71%         1
 Poisonous Vapours        Pois/Air       0%         N/A       85%         2
 Conjure Flame            Conj/Fire      0%         6-21      97%         3
 Ignite Poison            Fire/Tmut/Pois 0%         N/A       97%         3
 Inner Flame              Hex/Fire       0%         N/A       97%         3
 Mephitic Cloud           Conj/Pois/Air  0%         N/A       97%         3
 Corpse Rot               Necr/Pois/Air  0%         N/A       100%        4
 Flame Wave               Conj/Fire      0%         2d4       100%        4
 Fireball                 Conj/Fire      0%         3d3       100%        5
 Freezing Cloud           Conj/Ice/Air   0%         6-21      100%        5
 Dispersal                Tloc           0%         N/A       100%        6
 Starburst                Conj/Fire      0%         6d3       100%        6
 Disjunction              Tloc           0%         N/A       100%        8
 Ignition                 Fire           0%         3d3       100%        8
 Fire Storm               Conj/Fire      0%         5d1       100%        9
 Summon Small Mammal      Summ           Unusable   N/A       N/A         1

Dungeon Overview and Level Annotations

Branches:
Dungeon (8/15)             Temple (1/1) D:6
   Lair: D:8-11

Altars:
Ashenzari
Cheibriados
Elyvilon
Fedhas
Gozag
Hepliaklqana
Kikubaaqudgha
Makhleb
Nemelex Xobeh
Okawaru
Qazlal
Ru
Sif Muna
Trog
Uskayaw
Vehumet
Xom
Yredelemnul
Zin
The Shining One

Shops:
D:1 *   D:6 ?   D:7 *


Innate Abilities, Weirdness & Mutations

You are immune to sickness and miasma.
Your stone body is resilient. (AC +7)
You are immune to poison.
You resist negative energy. (rN+)
You are resistant to electric shocks. (rElec)
You are resistant to unholy torment.
You are immune to petrification.
You are dopey. (Int -2)
Your flesh is heat resistant. (rF+)
You are strong-willed. (Will+)
You are robust. (+10% HP)


Message History

Okawaru accepts your kill. The orc hits you with a +0 hand axe.
* * * LOW HITPOINT WARNING * * *
Your Invocations skill increases to level 3!
You puncture the orc!
You kill the orc!
Okawaru accepts your kill.
You barely miss the wight. The wight closely misses you.
You hit the wight but do no damage. You block the wight's attack.
You hit the wight but do no damage. The wight closely misses you.
The wight hits you but does no damage.
You hit the wight.
The wight is lightly damaged.
The wight hits you but does no damage.
You hit the wight but do no damage.
The wight is lightly damaged.
The wight hits you with a +4 mace.
* * * LOW HITPOINT WARNING * * *
You closely miss the wight.
The wight is lightly damaged.
The wight closely misses you.
You completely miss the wight.
The wight is lightly damaged.
The wight hits you with a +4 mace!
* * * LOW HITPOINT WARNING * * *
You hit the wight but do no damage.
The wight is lightly damaged.
You block the wight's attack. The wight hits you with a +4 mace!
* * * LOW HITPOINT WARNING * * *
You feel better. The wight hits you but does no damage.
You gain the combat prowess of a mighty hero.
The wight hits you with a +4 mace.
* * * LOW HITPOINT WARNING * * *
You hit the wight.
The wight is heavily damaged.
The wight hits you but does no damage.
You closely miss the wight.
The wight is heavily damaged.
The wight hits you with a +4 mace!
You die...

#... #.......#
##.....### .
##......#
..#######....#.#
........#..#>#.##
.............#.[
........#..###.##
..#######..###.# #$
#...z@.# #.#.
####.##### #...
#.......#
#...#####.##.#......
#......#.z......###.
#.....#..##.....#
###.##..#..####...#
.............# .....
##.##..#.......<...


You could see a wight.

Vanquished Creatures
  A two-headed ogre (D:8)
  Grinder (D:3)
  Prince Ribbit (D:5)
  The ghost of lfo the Stinger, an amateur TeVM (D:4)
  6 yaks (D:8)
  A steam dragon (D:7)
  2 water moccasins
  3 orc warriors
  An ogre (D:6)
  2 centaurs
  A phantom (D:5)
  A necrophage (D:5)
  3 bullfrogs
  2 scorpions
  5 wights
  5 killer bees (D:7)
  A howler monkey (D:5)
  4 jellies (D:5)
  7 orc priests
  3 gnoll shamans
  7 hounds
  3 iguanas
  6 orc wizards
  14 gnolls
  5 adders
  2 shadow imps (D:5)
  2 white imps
  4 worms
  32 orcs
  5 endoplasms
  3 giant cockroaches
  5 goblins
  5 hobgoblins
  2 jackals (D:2)
  3 quokkas
  6 ball pythons
  5 bats
  5 frilled lizards
  9 kobolds
  4 rats
178 creatures vanquished.

Vanquished Creatures (others)
  2 fungi (D:4)
  A plant (D:7)
3 creatures vanquished.

Grand Total: 181 creatures vanquished

Notes
Turn   | Place    | Note
-------+----------+-------------------------------------------
     0 | D:1      | vineage the Gargoyle Fighter began the quest for the Orb.
     0 | D:1      | Reached XP level 1. HP: 14/14 MP: 1/1
   289 | D:1      | Reached XP level 2. HP: 13/19 MP: 2/2
   788 | D:1      | Found Hekhluzuwn's Assorted Antiques.
   913 | D:1      | Found a faded altar of an unknown god.
   917 | D:1      | Got Plato's Compendium of Summoning
  1167 | D:2      | Reached XP level 3. HP: 23/24 MP: 3/3
  1422 | D:2      | Reached skill level 4 in Fighting
  1988 | D:3      | Reached XP level 4. HP: 20/30 MP: 4/4
  2322 | D:3      | Noticed Grinder
  2331 | D:3      | Paralysed by Grinder for 3 turns
  2335 | D:3      | Paralysed by Grinder for 3 turns
  2349 | D:3      | Paralysed by Grinder for 2 turns
  2355 | D:3      | Killed Grinder
  2356 | D:3      | Reached skill level 5 in Fighting
  2356 | D:3      | Reached XP level 5. HP: 21/36 MP: 5/5
  2356 | D:3      | Reached XP level 6. HP: 24/41 MP: 6/6
  2717 | D:3      | Reached skill level 6 in Fighting
  2740 | D:3      | Identified a scroll of acquirement
  2740 | D:3      | Acquired 1199 gold pieces
  2822 | D:1      | Bought a purple potion for 24 gold pieces
  2822 | D:1      | Bought a purple potion for 24 gold pieces
  2822 | D:1      | Bought a fine rapier for 243 gold pieces
  2822 | D:1      | Identified the +3 rapier of Orouklis {drain, rC+} (You
                  | bought it in a shop on level 1 of the Dungeon)
  2822 | D:1      | Bought a garnet ring for 135 gold pieces
  2822 | D:1      | Bought a scroll labelled GEPED LANNE for 27 gold pieces
  2893 | D:4      | Found a runed translucent gate.
  2893 | D:4      | Noticed an orc warrior
  2894 | D:4      | Found a runed translucent gate.
  2896 | D:4      | Noticed lfo's ghost (amateur TeVM)
  2903 | D:4      | Found a runed translucent gate.
  2905 | D:4      | Got the Collected Works on the Blaze
  2998 | D:4      | Found a white marble altar of Elyvilon.
  3038 | D:4      | Reached skill level 5 in Armour
  3038 | D:4      | Reached skill level 5 in Shields
  3038 | D:4      | Reached XP level 7. HP: 32/47 MP: 7/7
  3828 | D:4      | Found a basalt altar of Yredelemnul.
  4131 | D:4      | Reached skill level 7 in Fighting
  4136 | D:4      | Killed lfo's ghost
  4137 | D:4      | Reached XP level 8. HP: 25/53 MP: 8/8
  4320 | D:5      | Entered Level 5 of the Dungeon
  4358 | D:5      | Reached skill level 8 in Fighting
  4501 | D:5      | Found a burning altar of Makhleb.
  4619 | D:5      | Noticed Prince Ribbit
  4640 | D:5      | Killed Prince Ribbit
  4847 | D:5      | Reached skill level 9 in Fighting
  5286 | D:5      | Reached XP level 9. HP: 48/60 MP: 9/9
  5822 | D:6      | Found a staircase to the Ecumenical Temple.
  6003 | Temple   | Entered the Ecumenical Temple
  6201 | Temple   | Became a worshipper of Warmaster Okawaru
  6408 | D:6      | Found Vaoner's Magic Scroll Shop.
  6661 | D:6      | Reached skill level 10 in Fighting
  6808 | D:6      | Gained mutation: Your flesh is heat resistant. (rF+)
                  | [potion of mutation]
  6808 | D:6      | Gained mutation: You are robust. (+10% HP) [potion of
                  | mutation]
  6808 | D:6      | Gained mutation: You are dopey. (Int -2) [potion of
                  | mutation]
  6808 | D:6      | Gained mutation: You are strong-willed. (Will+) [potion of
                  | mutation]
  7320 | D:7      | Found Diuhokitz's Assorted Antiques.
  7341 | D:7      | Reached * piety under Okawaru
  7767 | D:7      | Found a blossoming altar of Fedhas.
  7895 | D:7      | HP: 1/69 [orc priest/divine providence (12)]
  8432 | D:7      | Reached skill level 11 in Fighting
  8719 | D:7      | Reached XP level 10. HP: 74/75 MP: 10/10
  9100 | D:8      | Reached skill level 1 in Invocations
  9268 | D:8      | Noticed a two-headed ogre
  9283 | D:8      | Killed a two-headed ogre
  9283 | D:8      | Reached ** piety under Okawaru
  9578 | D:8      | Reached *** piety under Okawaru
  9587 | D:8      | Reached skill level 12 in Fighting
  9797 | D:8      | HP: 3/78 [wight/+4 mace (7)]
  9801 | D:8      | Slain by a wight

Illustrated notes

Levels and vault maps discovered:
D:1:      amcnicky_arrival_wind_blow, layout_basic, serial_shops, shop,
          shapermc_ecumenical_altar_rom_forum
D:2:      layout_rooms, minmay_vboxes
D:3:      layout_loops_cross, uniq_grinder
D:4:      layout_basic, elyvilon_altar_1, old_standard_altar,
          gammafunk_ghost_split
D:5:      layout_cave_pools, mainiacjoe_overflow_tiny_flanked, minivault_1,
          st_stairs_12, kennysheep_opposing_triangles, uniq_prince_ribbit1
D:6:      layout_loops_corners, minmay_temple_entry_hall, serial_shops,
          nicolae_square_shop, nrook_loot_triangle,
          chequers_serial_rivers_micro_d
D:7:      layout_loops_ring, mainiacjoe_overflow_alcove_2, serial_shops,
          nicolae_shop_overgrown_old_shop
D:8:      layout_loops_cross, nzn_wu_jian_contemplation
Temple:   eino_temple_scatter_basement

Skill      XL: |  1  2  3  4  5  6  7  8  9 10 |
---------------+-------------------------------+-----
Fighting       | 4 5 6 7 9 11 12 | 12.0
Armour         | 4 5 6 8 |  8.8
Shields        | 4 5 6 8 |  8.8
Invocations    | 3 |  3.0
Maces & Flails | |  2.3

Action                   |  1- 3 |  4- 6 |  7- 9 | 10-12 || total
-------------------------+-------+-------+-------+-------++-------
Melee: Flail             |    96 |       |       |       ||    96
       Short sword       |    20 |    79 |       |       ||    99
       Rapier            |       |    21 |   478 |   141 ||   640
Invok: Heroism           |       |       |     2 |     2 ||     4
  Use: Scroll            |     4 |     7 |     5 |       ||    16
       Potion            |       |     2 |     9 |     2 ||    13
Armor: Scale mail        |    70 |    55 |   312 |    64 ||   501
Dodge: Dodged            |    49 |    34 |   239 |    68 ||   390
Block: Buckler           |    26 |    14 |   149 |    39 ||   228

Table legend: (Time is in decaauts)
 A = Elapsed time spent in this place.
 B = Non-inter-level travel time spent in this place.
 C = Inter-level travel time spent in this place.
 D = Time resting spent in this place.
 E = Time spent auto-exploring this place.
 F = Levels seen in this place.
 G = Mean time per level.
                   A        B        C        D        E       F      G
               +--------+--------+--------+--------+--------+-----+--------+
         Total |   9974 |   9611 |    363 |   1411 |   6557 |   9 | 1108.2 |
       Dungeon |   9765 |   9424 |    341 |   1411 |   6387 |   8 | 1220.6 |
        Temple |    208 |    186 |     22 |      0 |    170 |   1 |  208.0 |
               +--------+--------+--------+--------+--------+-----+--------+

Top non-repeatable levels by time:
     D:6: 1870 daAuts
     D:7: 1509 daAuts
     D:4: 1476 daAuts
     D:5: 1262 daAuts
     D:1: 1157 daAuts
     D:3: 1029 daAuts
     D:2: 729 daAuts
     D:8: 729 daAuts
  Temple: 208 daAuts
